Map: Kairos Junction LE

Players

SKillous

  • Race: Protoss Protoss
  • Spawn Location: 11:00

GogojOey - Winner!

  • Race: Zerg Zerg
  • Spawn Location: 5:00

Event: 2019 WCS Spring

VOD

Have the link to the VOD?

Description

Time

  • Played on: May 17, 2019, 7:05 a.m.
  • Length: 5:17

All games in this series

Show
View Real Time Build Order
Export as new Build Order

SKillous Protoss 

Build Orders: 1 Gate Expand 

Get SALT Encoding   

  12  0:00  Probe  
  13  0:12  Probe  
  14  0:20  Pylon  
  14  0:25  Probe  
  15  0:35  Probe  
  16  0:43  Probe  
  16  0:46  Gateway  
  17  0:53  Probe  
  18  0:59  Assimilator  
  18  1:05  Probe  
  19  1:17  Probe  
  20  1:18  Pylon  
  20  1:33  Cybernetics Core  
  20  1:39  Nexus  
  20  1:47  Pylon  
  20  1:49  Probe  
  21  1:54  Assimilator  
  21  1:59  Adept  
  21  2:04  Probe  
  22  2:14  Robotics Facility  
  24  2:18  Probe  
  24  2:19  Stalker  
  27  2:30  Probe  
  27  2:42  Probe  
  28  2:53  Probe  
  28  2:55  Probe  
  28  2:58  Immortal  
  31  3:06  Shield Battery  
  34  3:13  Shield Battery  
  34  3:17  Shield Battery  
  32  3:24  Shield Battery  
  32  3:30  Immortal  
  34  3:34  Sentry  
  34  3:45  Probe  
  39  3:49  Pylon  
  39  3:52  Probe  
  40  3:59  Pylon  
  41  4:08  Cybernetics Core, Immortal  
  46  4:30  Gateway  
Show
View Real Time Build Order
Export as new Build Order

GogojOey Zerg - Winner!

Build Orders: Pool First 

Get SALT Encoding   

  12  0:00  Drone  
  13  0:14  Overlord  
  13  0:17  Drone  
  14  0:32  Drone  
  14  0:33  Drone  
  16  0:36  Drone  
  17  0:46  Extractor  
  17  0:47  Drone  
  17  0:50  Spawning Pool  
  16  0:57  Drone  
  17  1:09  Drone  
  18  1:24  Drone  
  19  1:29  Hatchery  
  19  1:31  Drone  
  19  1:37  Queen  
  21  1:41  Zergling x2  
  22  1:48  Metabolic Boost  
  22  1:56  Overlord  
  22  2:11  Roach Warren, Drone  
  22  2:18  Queen  
  24  2:25  Overlord  
  24  2:50  Roach x4  
  24  2:51  Roach  
  34  2:53  Zergling x2  
  35  2:58  Zergling x2  
  35  3:02  Zergling x2  
  37  3:06  Zergling x4  
  39  3:16  Zergling x4  
  40  3:24  Zergling x2  
  40  3:25  Zergling x4  
  43  3:30  Ravager  
  43  3:33  Overlord  
  43  3:44  Zergling x2  
  41  3:50  Ravager  
  41  3:51  Overlord  
  41  3:53  Zergling x6  
  45  3:58  Ravager  
  46  4:11  Zergling x6  
  46  4:12  Zergling x2  
  46  4:13  Zergling x2  
  50  4:22  Zergling x4  
  52  4:27  Ravager  
  52  4:30  Zergling x6  
  56  4:33  Zergling x2  
  54  4:48  Zergling x2  
  54  4:49  Zergling x8  
  55  4:57  Zergling x2  
  55  4:58  Zergling x2  
Tags
 
Add a new tag
Caveats
  • Supply blocks, unpowered buildings, or Contaminate may cause inaccurate times.
  • Supply counts are checked every 10 seconds.